 Dungeon Crawl Stone Soup version 0.16.1-16-gc44b35d (webtiles) character file.

23021 RakeInGrass the Cleaver (level 12, -2/116 HPs)
             Began as a Deep Dwarf Berserker on May 8, 2015.
             Was an Elder of Trog.
             Killed from afar by a Shadow Fiend (15 damage)
             ... with a bolt of negative energy
             ... summoned by a deep elf demonologist
             ... on level 2 of the Elven Halls.
             The game lasted 01:40:30 (9536 turns).

RakeInGrass the Cleaver (Deep Dwarf Berserker)      Turns: 9536, Time: 01:40:30

Health: -2/116     AC: 14    Str: 23      XL:     12   Next: 68%
Magic:  6/6        EV: 18    Int: 10      God:    Trog [****..]
Gold:   836        SH:  0    Dex: 15 (16) Spells: 0 memorised, 11 levels left

rFire  . . .     SeeInvis .     f - +2 hand axe (elec)
rCold  + . .     Clarity  .     J - +2 ring mail {rC+}
rNeg   . . .     SustAb   .     (no shield)
rPois  .         Gourm    .     q - +0 helmet
rElec  .         Spirit   .     F - +0 cloak
rCorr  .         Warding  .     B - +1 pair of gloves {Str+3}
rMut   +         Stasis   .     (no boots)
MR     +++..                    u - amulet of resist mutation (curse)
Stlth  +.........               A - ring of protection from magic
                                e - ring of protection from magic

@: exhausted, non-regenerating, slowed, drained, very slow, extremely resistant
to hostile enchantments, very unstealthy
A: damage resistance, recharge devices, sense surroundings 2, slow healing 3
a: Device Recharging, Burn Spellbooks, Berserk, Trog's Hand, Brothers in Arms,
Renounce Religion


You were on level 2 of the Elven Halls.
You worshipped Trog.
Trog was greatly pleased with you.
You were very hungry.

You visited 3 branches of the dungeon, and saw 15 of its levels.

You collected 1210 gold pieces.
You spent 374 gold pieces at shops.

Inventory:

Hand weapons
 f - a +2 hand axe of electrocution (weapon)
Missiles
 j - 6 tomahawks of dispersal (quivered)
Armour
 q - a +0 helmet (worn)
 B - a +1 pair of gloves of strength (worn)
 F - a +0 cloak (worn)
 J - a +2 ring mail of cold resistance (worn)
Jewellery
 e - a ring of protection from magic (left hand)
 u - a cursed amulet of resist mutation (around neck)
 A - a ring of protection from magic (right hand)
Magical devices
 c - a wand of heal wounds (3)
 o - a wand of enslavement (7)
 v - a wand of fire (0)
 y - a wand of paralysis (11)
 O - a wand of magic darts (20)
Scrolls
 b - 5 scrolls of enchant weapon
 g - 3 scrolls of blinking
 i - a scroll of recharging
 l - 5 scrolls of remove curse
 m - 3 scrolls of teleportation
 w - a scroll of magic mapping
 x - a scroll of fear {unknown}
 E - 3 scrolls of enchant armour
 H - a scroll of immolation {unknown}
 N - a scroll of identify
Potions
 h - a potion of flight {unknown}
 k - 4 potions of curing
 n - a potion of degeneration
 p - a potion of heal wounds {unknown}
 r - 2 potions of restore abilities
 s - 3 potions of haste
 t - a potion of brilliance {unknown}
 G - a potion of cancellation {unknown}
 I - a potion of poison {unknown}
 P - a potion of berserk rage {unknown}
Books
 a - the Compendium of Earth
   (You found it on level 7 of the Dungeon)

   Spells                             Type                      Level
   a - Stoneskin                      Transmutation/Earth          2
   b - Stone Arrow                    Conjuration/Earth            3
   c - Lee's Rapid Deconstruction     Earth                        5
   d - Iron Shot                      Conjuration/Earth            6
   Trog disapproves of the use of such an item.
 K - a book of the Warp

   Spells                             Type                      Level
   a - Recall                         Summoning/Translocation      3
   b - Control Teleport               Charms/Translocation         4
   c - Force Lance                    Conjuration/Translocation    4
   d - Phase Shift                    Translocation                5
   e - Warp Weapon                    Charms/Translocation         5
   f - Gell's Gravitas                Hexes/Translocation          5
   g - Summon Forest                  Summoning/Translocation      5
   Trog disapproves of the use of such an item.
 M - Vehumet's Papyrus of Igneous Confrontation
   (You found it on level 1 of the Elven Halls)

   Spells                             Type                      Level
   a - Flame Tongue                   Conjuration/Fire             1
   b - Magic Dart                     Conjuration                  1
   c - Dazzling Spray                 Conjuration/Hexes            3
   d - Bolt of Magma                  Conjuration/Fire/Earth       5
   e - Poisonous Cloud                Conjuration/Poison/Air       6
   Trog disapproves of the use of such an item.
Comestibles
 d - 6 bread rations
 z - 2 meat rations
 D - 2 royal jellies
 L - a fruit


   Skills:
 + Level 9.8(9.1) Fighting
 + Level 13.7(13.0) Axes
 + Level 9.7(9.1) Armour
 + Level 12.4(11.7) Dodging


You had 11 spell levels left.
You didn't know any spells.

Dungeon Overview and Level Annotations

Branches:
Dungeon (10/15)            Temple (0/1) D:4            Lair (0/8) D:9
    Orc (3/4) D:10            Elf (2/3) Orc:3

Altars:
Ashenzari
Dithmenos
Elyvilon
Okawaru
Sif Muna
Yredelemnul
Beogh

Shops:
D:5 ?   D:7 (   D:9 [   Orc:1 **   Orc:2 }


Innate Abilities, Weirdness & Mutations

You are resistant to damage.
You can recharge devices by infusing magical energy.
You passively map the area around you.
You do not heal naturally.


Message History

* * * LOW HITPOINT WARNING * * *
The Executioner hits you but does no damage. x2
The Executioner completely misses you. The Executioner hits you.
* * * LOW HITPOINT WARNING * * *
The Executioner hits you.
* * * LOW HITPOINT WARNING * * *
The Executioner hits you.
* * * LOW HITPOINT WARNING * * *
The Executioner hits you.
* * * LOW HITPOINT WARNING * * *
The Executioner completely misses you.
The fire elemental completely misses you.
The Executioner hits you.
* * * LOW HITPOINT WARNING * * *
The Executioner hits you but does no damage. x2
The Shadow Fiend gestures at you.
The bolt of negative energy hits the Executioner.
The Executioner completely resists.
The bolt of negative energy hits you!
You feel drained.
You die...

* #+ ### * #.....* *
..B #.#* #+###
....#** ######+#####
.....2# *#.........#
.....43 #......).<#
......e #..[...)).#
......2####.........#
.......))e'....§....#
.....######..1§1@...#
#.. #...PEe..># # +*
#...§.....# ,
#.........# *
#####+##### *, * * ,
* * *,


You could see a Shadow Fiend, an Executioner, a deep elf demonologist, a fire
elemental and a deep elf priest.

Vanquished Creatures
  A deep elf sorcerer (Elf:1)
  Azrael (Elf:2)
  Fannar (Elf:1)
  2 deep elf knights
  4 deep elf summoners
  2 ugly things (D:9)
  2 orc knights
  7 deep elf conjurers (Elf:1)
  An orc sorcerer (Orc:3)
  A manticore (D:9)
  The ghost of CcS the Infuser, an experienced DECj of Vehumet (D:7)
  A smoke demon (Elf:2)
  A centaur skeleton (D:10)
  3 deep elf priests
  A two-headed ogre (D:9)
  A wyvern (D:8)
  4 deep elf magi
  A spriggan (D:9)
  A redback (Elf:1)
  A hungry ghost (D:8)
  3 fire elementals (Elf:2)
  A hippogriff (D:8)
  Grum (Orc:2)
  3 deep elf fighters
  2 wolves (Orc:1)
  2 wargs (D:9)
  2 hell hounds (Elf:2)
  Menkaure (D:7)
  A sky beast (D:6)
  8 spiders (D:9)
  11 orc warriors
  A black bear (D:5)
  5 ogres
  3 centaurs
  Sigmund (D:4)
  4 ice beasts
  A big kobold (D:10)
  5 giant frogs
  2 scorpions
  3 killer bees (D:9)
  2 hounds
  3 crimson imps
  A goliath beetle (D:9)
  A jelly (D:5)
  19 orc priests
  A giant frog skeleton (D:9)
  2 iguanas
  3 hell rats (Elf:1)
  26 orc wizards
  8 worker ants
  Ijyb (D:3)
  Robin (D:3)
  6 adders
  11 gnolls
  A giant mite (D:3)
  3 worms
  3 giant geckos
  An ooze (D:1)
  104 orcs
  6 giant cockroaches
  23 goblins
  16 hobgoblins
  17 jackals
  22 kobolds
  5 quokkas
  A ball python (D:2)
  16 bats
  2 giant gecko skeletons
  2 giant gecko zombies
  4 giant newts
  2 jackal skeletons
  An orc zombie (Orc:3)
  A quokka skeleton (D:8)
  A quokka zombie (D:5)
  11 rats
  A spectral orc (D:2)
425 creatures vanquished.

Vanquished Creatures (collateral kills)
  A deep elf knight (Elf:1)
  5 deep elf conjurers (Elf:1)
  A deep elf mage (Elf:1)
7 creatures vanquished.

Vanquished Creatures (others)
  An orange demon (Elf:2)
  A deep elf priest (Elf:2)
  A chaos spawn (Elf:2)
  An ogre (Elf:1)
  An orc wizard (D:9)
5 creatures vanquished.

Grand Total: 437 creatures vanquished

Notes
Turn   | Place    | Note
--------------------------------------------------------------
     0 | D:1      | RakeInGrass, the Deep Dwarf Berserker, began the quest for the Orb.
     0 | D:1      | Reached XP level 1. HP: 20/20 MP: 1/1
    66 | D:1      | Reached XP level 2. HP: 22/27 MP: 2/2
   143 | D:1      | Acquired Trog's second power
   598 | D:2      | Reached skill level 4 in Axes
   598 | D:2      | Reached XP level 3. HP: 15/34 MP: 3/3
   915 | D:2      | Found a basalt altar of Yredelemnul.
  1060 | D:2      | Reached XP level 4. HP: 29/42 MP: 4/4
  1222 | D:2      | Found a white marble altar of Elyvilon.
  1714 | D:3      | Noticed Robin
  1737 | D:3      | Killed Robin
  1737 | D:3      | Reached XP level 5. HP: 32/49 MP: 5/5
  2325 | D:3      | Noticed Ijyb
  2340 | D:3      | Killed Ijyb
  2506 | D:4      | Noticed Sigmund
  2516 | D:4      | Killed Sigmund
  2516 | D:4      | Reached skill level 5 in Axes
  2516 | D:4      | Reached XP level 6. HP: 56/56 MP: 6/6
  2539 | D:4      | Noticed an ogre
  2594 | D:4      | Killed an ogre
  2594 | D:4      | Reached skill level 5 in Dodging
  2672 | D:4      | Found a shattered altar of Ashenzari.
  3024 | D:4      | Reached XP level 7. HP: 36/63 MP: 7/7
  3227 | D:4      | Found a staircase to the Ecumenical Temple.
  3391 | D:5      | Entered Level 5 of the Dungeon
  3717 | D:5      | Found Kliabrib's Magic Scroll Emporium.
  3725 | D:5      | Bought a scroll of identify for 22 gold pieces
  3725 | D:5      | Bought a scroll of remove curse for 33 gold pieces
  3725 | D:5      | Bought a scroll of identify for 22 gold pieces
  3725 | D:5      | Bought a scroll of remove curse for 33 gold pieces
  3939 | D:5      | Reached skill level 6 in Axes
  3987 | D:5      | Acquired Trog's third power
  4228 | D:5      | Reached skill level 5 in Armour
  4228 | D:5      | Reached XP level 8. HP: 19/73 MP: 8/8
  4327 | D:6      | Reached skill level 5 in Fighting
  4573 | D:6      | You fall through a shaft for 3 floors!
  4626 | D:9      | Noticed a green ugly thing
  4658 | D:8      | Reached skill level 7 in Axes
  4806 | D:8      | Gained mutation: You passively map the area around you. [level up]
  4806 | D:8      | Reached XP level 9. HP: 56/82 MP: 9/9
  4806 | D:8      | Reached skill level 8 in Axes
  5065 | D:8      | Found a deep blue altar of Sif Muna.
  5109 | D:7      | Found Skarhum's Antique Weapon Emporium.
  5169 | D:7      | Noticed Menkaure
  5170 | D:7      | Noticed CcS's ghost (experienced DECj)
  5189 | D:7      | Killed Menkaure
  5200 | D:7      | Killed CcS's ghost
  5231 | D:7      | Identified the Compendium of Earth
  5800 | D:9      | Found a staircase to the Lair.
  5807 | D:9      | Reached skill level 9 in Axes
  5880 | D:9      | Noticed a manticore
  5898 | D:9      | Killed a manticore
  5898 | D:9      | Reached XP level 10. HP: 53/92 MP: 10/10
  5968 | D:9      | Noticed a cyan ugly thing
  5983 | D:9      | Killed a cyan ugly thing
  5993 | D:9      | Found Brurgh Tiut's Armour Boutique.
  6002 | D:9      | Bought a +1 pair of gloves of strength for 264 gold pieces
  6080 | D:9      | Found a shadowy altar of Dithmenos.
  6091 | D:9      | Noticed a two-headed ogre
  6098 | D:9      | Killed a two-headed ogre
  6114 | D:9      | Reached skill level 10 in Axes
  6377 | D:9      | Killed a green ugly thing
  6504 | D:10     | Entered Level 10 of the Dungeon
  6545 | D:10     | Found a staircase to the Orcish Mines.
  6556 | D:10     | Found a roughly hewn altar of Beogh.
  6597 | Orc:1    | Entered Level 1 of the Orcish Mines
  6597 | Orc:1    | Found an iron altar of Okawaru.
  6697 | Orc:1    | Found Rok Fopu's General Store.
  6815 | Orc:1    | Found a roughly hewn altar of Beogh.
  6822 | Orc:1    | Found Wipt's General Store.
  6878 | Orc:1    | Received a gift from Trog
  7095 | Orc:2    | Noticed Grum
  7139 | Orc:1    | Reached skill level 11 in Axes
  7150 | Orc:1    | Reached XP level 11. HP: 93/102 MP: 11/11
  7184 | Orc:2    | Killed Grum
  7378 | Orc:2    | Noticed an orc knight
  7394 | Orc:2    | Killed an orc knight
  7394 | Orc:2    | Reached skill level 10 in Dodging
  7471 | Orc:2    | Received a gift from Trog
  7472 | Orc:2    | Found Jovod's Gadget Shoppe.
  7975 | Orc:3    | Found a staircase to the Elven Halls.
  8062 | Orc:3    | Received a gift from Trog
  8128 | Elf:1    | Entered Level 1 of the Elven Halls
  8128 | Elf:1    | Noticed a deep elf summoner
  8128 | Elf:1    | Noticed a deep elf knight
  8136 | Orc:3    | Killed a deep elf summoner
  8312 | Elf:1    | Killed a deep elf knight
  8312 | Elf:1    | Reached skill level 12 in Axes
  8490 | Elf:1    | Noticed a deep elf summoner
  8499 | Elf:1    | Killed a deep elf summoner
  8620 | Elf:1    | Noticed a deep elf knight
  8658 | Elf:1    | Killed a deep elf knight
  8799 | Elf:1    | Reached XP level 12. HP: 75/112 MP: 8/8
  8830 | Elf:1    | Noticed a deep elf sorcerer
  8840 | Elf:1    | Killed a deep elf sorcerer
  8844 | Elf:1    | Identified Vehumet's Papyrus of Igneous Confrontation
  8883 | Elf:1    | Reached skill level 13 in Axes
  8939 | Elf:1    | Noticed Fannar
  8963 | Elf:1    | Killed Fannar
  9227 | Elf:1    | Noticed a deep elf summoner
  9234 | Elf:1    | Killed a deep elf summoner
  9318 | Elf:2    | Noticed a deep elf demonologist
  9343 | Elf:2    | Noticed a Brimstone Fiend
  9456 | Elf:2    | Noticed Azrael
  9510 | Elf:2    | Noticed a Shadow Fiend
  9512 | Elf:2    | Killed Azrael
  9525 | Elf:2    | Noticed an Executioner
  9536 | Elf:2    | Killed from afar by a Shadow Fiend

Action                   |  1- 3 |  4- 6 |  7- 9 | 10-12 || total
-------------------------+-------+-------+-------+-------++-------
Melee: Hand axe          |   109 |   337 |   395 |   623 ||  1464
Invok: Trog's Hand       |     4 |    11 |    22 |    29 ||    66
       Berserk           |       |     1 |     5 |     7 ||    13
       Brothers in Arms  |       |       |       |     3 ||     3
 Abil: Device Recharging |       |       |       |     6 ||     6
Evoke: Wand              |       |       |     1 |    24 ||    25
  Use: Scroll            |       |       |     3 |     6 ||     9
       Potion            |       |       |       |     4 ||     4
  Eat: Chunk             |     1 |     2 |    16 |    15 ||    34
       Bread ration      |       |     1 |     1 |     1 ||     3
       Pizza             |       |     1 |     1 |       ||     2
       Fruit             |       |       |       |     4 ||     4
